 Dungeon Crawl Stone Soup version 0.21.1-1-g345015fe64 (webtiles) character file.

137571 Peloso the Fencer (level 16, -1/228 HPs)
             Began as a Minotaur Fighter on June 29, 2018.
             Was the Champion of Okawaru.
             Slain by the 27-headed Lernaean hydra (2 damage)
             ... on level 4 of the Swamp.
             The game lasted 01:17:50 (28186 turns).

Peloso the Fencer (Minotaur Fighter)               Turns: 28186, Time: 01:17:52

Health: -1/228     AC: 33    Str: 37    XL:     16   Next: 69%
Magic:  14/15      EV: 19    Int:  5    God:    Okawaru [******]
Gold:   2167       SH: 19    Dex: 13    Spells: 15/15 levels left

rFire    x . .     SeeInvis .   a - +6 scimitar of Wuifavvo {flame, -Tele rElec rN+ Str+2}
rCold    . . .     Gourm    +   c - +0 shield {reflect}
rNeg     + . .     Faith    .   A - +5 chain mail of a wizard's laboratory {rPois rF- Slay+4}
rPois    +         Spirit   .   E - +2 hat
rElec    +         Reflect  +   w - +2 cloak
rCorr    .         Harm     .   I - +2 pair of gloves
MR       +....     NoTele   +   j - +2 pair of boots {Stlth+}
Stlth    ..........             h - amulet of the gourmand
HPRegen  0.48/turn              m - +5 ring of strength
MPRegen  0.14/turn              (no ring)

@: mighty, berserking, lethally poisoned (-1 -> -2), heroism, very quick
A: retaliatory headbutt, horns 2
a: Heroism, Finesse, Renounce Religion


You were on level 4 of the Swamp.
You worshipped Okawaru.
Okawaru was exalted by your worship.
You were very full.

You visited 5 branches of the dungeon, and saw 28 of its levels.
You also visited: Ice Cave.

You collected 3319 gold pieces.
You spent 1152 gold pieces at shops.

Inventory:

Hand Weapons
 a - the +6 scimitar of Wuifavvo (weapon) {flame, -Tele rElec rN+ Str+2}
   (Okawaru gifted it to you on level 10 of the Dungeon)

   It has been specially enchanted to burn those struck by it, causing extra
   injury to most foes and up to half again as much damage against particularly
   susceptible opponents.
   Big, fiery blades are also staple armaments of hydra-hunters.
   It affects your strength (+2).
   It insulates you from electricity.
   It protects you from negative energy.
   It prevents most forms of teleportation.
 b - a +2 scimitar of flaming
 y - a +3 double sword
 H - the +8 demon blade of Resourcefulness {elec, +Inv rPois SInv}
   (Okawaru gifted it to you in an ice cave)

   Occasionally, upon striking a foe, it will discharge some electrical energy
   and cause terrible harm.
   It protects you from poison.
   It lets you see invisible.
   It lets you turn invisible.
Armour
 c - a +0 shield of reflection (worn)
 j - a +2 pair of boots of stealth (worn)
 w - a +2 cloak (worn)
 A - the +5 chain mail of a wizard's laboratory (worn) {rPois rF- Slay+4}
   (You found it on level 12 of the Dungeon)

   It affects your accuracy and damage with ranged weapons and melee attacks
   (+4).
   It makes you vulnerable to fire.
   It protects you from poison.
 E - a +2 hat (worn)
 I - a +2 pair of gloves (worn)
 J - the +1 helmet "Moasiwi" {Int+4, unknown}
   (You found it in an ice cave)

   It affects your intelligence (+4).
 L - +0 ice dragon scales
 Q - +0 swamp dragon scales
Jewellery
 h - an amulet of the gourmand (around neck)
 m - a +5 ring of strength (left hand)
 B - an uncursed amulet of guardian spirit
 M - an uncursed ring of protection from fire
 P - an uncursed ring of see invisible {unknown}
Wands
 o - a wand of enslavement (6)
 t - a wand of acid (8)
 u - a wand of digging (34)
 F - a wand of polymorph (9)
 S - a wand of flame (22)
Scrolls
 k - 3 scrolls of remove curse
 p - 11 scrolls of teleportation
 r - 4 scrolls of blinking
 C - 5 scrolls of fog
 D - 5 scrolls of identify
 G - 4 scrolls of fear
 K - a scroll of magic mapping
Potions
 d - 4 potions of might
 e - a potion of haste {unknown}
 g - 4 potions of berserk rage
 i - a potion of cancellation {unknown}
 l - a potion of invisibility
 n - a potion of mutation
 q - 3 potions of flight
 s - 3 potions of agility
 v - 8 potions of heal wounds
 x - 5 potions of curing
 z - a potion of resistance
Books
 O - a book of Burglary

   Spells                             Type                      Level
   a - Swiftness                      Charms/Air                   2
   b - Passwall                       Transmutation/Earth          2
   c - Passage of Golubria            Translocation                4
   d - Lee's Rapid Deconstruction     Earth                        5
   e - Darkness                       Hexes                        6
   f - Invisibility                   Hexes                        6
Miscellaneous
 N - a phial of floods
Comestibles
 f - 44 rations
 R - 2 chunks of flesh


   Skills:
 + Level 16.5(21.5) Fighting
 + Level 18.0(23.0) Long Blades
 + Level 14.6(19.6) Armour
 + Level 10.5(15.5) Dodging
 + Level 2.3(7.3) Stealth
 + Level 17.8(22.8) Shields
 + Level 1.2 Invocations


You had 15 spell levels left.
You didn't know any spells.

Dungeon Overview and Level Annotations

Branches:
Dungeon (15/15) Temple (1/1) D:5 Lair (6/6) D:8 Swamp (4/4) Lair:4 Snake (0/4) Lair:4 Slime (0/5) Lair:5 Orc (2/2) D:12 Elf (0/3) Orc:2 Vaults (0/5) D:13 D:14 Depths (0/5) D:15

Altars:
Ashenzari
Cheibriados
Dithmenos
Elyvilon
Fedhas
Gozag
Hepliaklqana
Kikubaaqudgha
Makhleb
Nemelex Xobeh
Okawaru
Qazlal
Ru
Sif Muna
Trog
Uskayaw
Vehumet
Wu Jian
Xom
Yredelemnul
Zin
The Shining One
Beogh

Shops:
D:9 (?(?   D:10 [   D:11 %   Orc:2 [(}(

Annotations:
D:10 exclusion: orange crystal statue
Lair:3 exclusion: oklob plant
Swamp:4 Lernaean hydra


Innate Abilities, Weirdness & Mutations

You reflexively headbutt those who attack you in melee.
You have a pair of horns on your head.


Message History

A red film seems to cover your vision as you go berserk!
You feel yourself moving faster!
You feel mighty!
You feel sick. You block the swamp dragon's attack.
The swamp dragon claws you but does no damage.
You block the swamp dragon's attack.
You block the 27-headed Lernaean hydra's attack.
The 27-headed Lernaean hydra bites you.
* * * LOW HITPOINT WARNING * * *
The 27-headed Lernaean hydra closely misses you.
The 27-headed Lernaean hydra bites you but does no damage. x3
The 27-headed Lernaean hydra misses you.
The 27-headed Lernaean hydra bites you but does no damage.
The 27-headed Lernaean hydra bites you.
* * * LOW HITPOINT WARNING * * *
The 27-headed Lernaean hydra bites you!
* * * LOW HITPOINT WARNING * * *
You block the 27-headed Lernaean hydra's attack.
The 27-headed Lernaean hydra bites you but does no damage.
The 27-headed Lernaean hydra bites you.
You die...

*≈,≈≈,≈≈≈≈.≈≈≈≈.≈≈# ♣♣♣....≈♣≈≈
*,,≈≈,,,..D...(≈#≈## ♣♣♣♣♣♣♣...
**≈*≈≈*,*≈#≈≈≈#.§≈≈≈# ♣♣..♣♣♣..≈≈
*≈,*≈≈≈,≈.#≈#.#≈.#≈≈# ♣≈......≈≈≈
≈≈*≈**≈≈*≈≈.≈≈≈≈w≈§#* ♣♣♣♣.≈≈≈≈≈≈
≈,≈***≈≈k≈≈≈##kDDk≈# ♣.≈≈≈≈≈≈
*≈** *≈*≈#≈≈*###Df≈#♣♣ ♣♣.≈≈≈≈≈
*** **≈***** #DD###≈♣ ♣♣§≈≈≈≈.♣
*** *** #####@###.* ♣♣...≈♣♣♣♣
*≈*** ***♣≈###§§#≈♣*♣♣≈≈≈≈≈♣ ♣♣
**≈≈≈***≈*♣.≈#§§§#.♣*♣≈≈≈†.≈♣ ♣.
*≈≈≈≈*♣≈≈≈≈♣.#PPPP♣♣≈≈.≈♣♣♣♣♣ ♣.
♣≈≈≈≈≈♣≈≈#♣♣♣.PPPP♣♣♣≈≈#.,****♣♣
♣≈≈#≈≈≈#...♣♣♣≈..♣♣♣.≈≈≈.≈,≈,,,*
♣♣.≈.≈♣≈≈≈≈≈≈♣♣♣........≈.y≈≈≈,,*
♣.≈.≈.**♣.≈≈≈≈♣.......#..§F,≈≈*≈*
♣♣≈...**♣#..≈.....≈...≈..§.F****♣


You could see the 27-headed Lernaean hydra, a thorn hunter, a seven-headed
hydra, a five-headed hydra, 2 swamp dragons, a swamp worm (confused) and a swamp
drake.

Vanquished Creatures
  Saint Roka (Orc:2)
  Rupert (D:13)
  Kirke (Lair:4)
  A thorn hunter (Swamp:3)
  2 orc warlords
  3 very ugly things
  A stone giant (Orc:1)
  Nessos (Lair:4)
  A dire elephant (D:15)
  The ghost of patthesweetcat the Cleaver, a journeyman MiBe of Trog (Orc:2)
  The ghost of WobbleTop the Tainter, a journeyman NaVM of Uskayaw (D:11)
  The ghost of Artool the Fighter, a journeyman DsSk of Hepliaklqana (Lair:3)
  Erolcha (D:9)
  The ghost of HypnoRock the Impaler, a journeyman MfFi of Dithmenos (D:11)
  A fire dragon (Lair:6)
  Harold (Lair:3)
  19 hydras
  A ghost crab (Swamp:4)
  2 centaur warriors
  2 death knights
  3 alligators
  4 two-headed ogres
  A tengu warrior (D:15)
  An orc high priest (Orc:2)
  Urug (D:14)
  The ghost of Engwar the Carver, a journeyman VSBe of Trog (D:10)
  2 skeletal warriors
  A fire crab (Lair:6)
  2 spriggan druids
  5 shambling mangroves
  6 swamp dragons
  An unseen horror (D:12)
  A wizard (D:15)
  An orc knight (D:13)
  A phantasmal warrior (D:13)
  2 obsidian statues (D:11)
  The ghost of aaaaaaaaaaaaaaaaaa the Slasher, a novice VSBe of Trog (D:7)
  7 orc sorcerers (Orc:2)
  12 ugly things
  An oklob plant (Lair:6)
  A salamander (D:15)
  6 cyclopes
  9 slime creatures
  16 elephants
  Joseph (D:8)
  Maurice (D:8)
  The ghost of Tali the Chopper, a novice MiFi (D:5)
  A gargoyle (D:11)
  14 spiny frogs
  7 black mambas
  2 torpor snails
  5 ice statues (IceCv)
  2 molten gargoyles (Lair:6)
  A kobold demonologist (D:11)
  5 rime drakes (Lair:6)
  8 komodo dragons
  2 efreet
  2 freezing wraiths
  3 tengu conjurers
  An anaconda simulacrum (IceCv)
  2 harpy zombies
  2 trolls
  3 tyrant leeches
  The ghost of Jannitor the Sneak, a novice SpAE of Wu Jian (D:6)
  23 hornets
  9 blink frogs
  6 bog bodies
  11 hippogriffs
  3 shadows
  12 spriggans
  7 wyverns
  A vampire (D:12)
  3 wraiths
  2 dire elephant simulacra (IceCv)
  16 humans
  27 yaks
  6 basilisks
  2 steam dragons (Lair:6)
  The ghost of nawrastar the Cudgeler, an amateur DsAK of Lugonu (D:3)
  14 vampire mosquitoes
  5 hungry ghosts
  9 swamp worms
  3 wargs
  2 iron troll simulacra (IceCv)
  3 nagas (Lair:4)
  A harpy simulacrum (IceCv)
  9 porcupines
  14 insubstantial wisps
  3 hydra simulacra (IceCv)
  A soldier ant (D:13)
  10 water moccasins
  5 hell hounds (Lair:6)
  11 swamp drakes
  A hornet zombie (D:14)
  Purgy (D:3)
  8 ice beasts
  31 orc warriors
  6 sky beasts
  3 necrophages
  A phantom (D:9)
  10 ogres
  5 centaurs
  7 wolves
  21 crocodiles
  2 big kobolds
  18 bullfrogs
  A wyvern skeleton (D:8)
  2 scorpions
  11 killer bees
  2 howler monkeys
  8 wights
  3 electric eels
  A centaur zombie (D:7)
  2 bullfrog zombies
  10 crimson imps
  5 lava snakes (Lair:6)
  A quasit (D:9)
  5 centaur skeletons
  6 hounds
  15 orc priests
  A gnoll shaman (D:6)
  3 jellies
  Crazy Yiuf (D:3)
  Terence (D:3)
  A bullfrog skeleton (D:8)
  3 iguanas
  10 worker ants
  34 orc wizards
  2 hound skeletons (D:6)
  A worker ant zombie (D:9)
  10 adders
  6 gnolls (D:6)
  A howler monkey skeleton (D:10)
  5 shadow imps
  An adder skeleton (D:8)
  2 worms
  4 dart slugs
  3 leopard geckos
  100 orcs
  A ball python (D:4)
  6 giant cockroaches
  9 goblins
  4 hobgoblins
  13 jackals
  7 bats
  8 frilled lizards
  20 kobolds
  9 rats
  A butterfly (Lair:2)
  A fungus (D:3)
  2 plants (Lair:3)
868 creatures vanquished.

Vanquished Creatures (collateral kills)
  An orc (Orc:2)
1 creature vanquished.

Vanquished Creatures (others)
  A spriggan (Swamp:4)
  A basilisk (Lair:6)
  A steam dragon (Lair:6)
  An orc wizard (Orc:2)
  A worker ant (D:13)
  5 fungi
  6 plants
  4 toadstools (D:1)
20 creatures vanquished.

Grand Total: 889 creatures vanquished

Notes
Turn   | Place    | Note
-------+----------+-------------------------------------------
     0 | D:1      | Peloso the Minotaur Fighter began the quest for the Orb.
     0 | D:1      | Reached XP level 1. HP: 19/19 MP: 0/0
   151 | D:1      | Reached XP level 2. HP: 22/27 MP: 1/1
   567 | D:1      | Reached XP level 3. HP: 33/33 MP: 2/2
   675 | D:2      | Found a basalt altar of Yredelemnul.
   781 | D:2      | Reached skill level 3 in Long Blades
  1333 | D:2      | Reached XP level 4. HP: 28/40 MP: 3/3
  1540 | D:3      | Noticed nawrastar's ghost (amateur DsAK)
  1562 | D:3      | Killed nawrastar's ghost
  1562 | D:3      | Reached skill level 4 in Long Blades
  1562 | D:3      | Reached skill level 5 in Armour
  1562 | D:3      | Reached skill level 1 in Dodging
  1562 | D:3      | Reached XP level 5. HP: 31/46 MP: 4/4
  1757 | D:3      | Noticed Purgy
  1764 | D:3      | Killed Purgy
  1764 | D:3      | Reached skill level 5 in Shields
  1764 | D:3      | Reached XP level 6. HP: 37/53 MP: 5/5
  2216 | D:3      | Noticed Terence
  2222 | D:3      | Killed Terence
  2290 | D:3      | Found a runed door.
  2294 | D:3      | Noticed Crazy Yiuf
  2300 | D:3      | Killed Crazy Yiuf
  2424 | D:4      | Reached skill level 5 in Long Blades
  2463 | D:4      | Reached XP level 7. HP: 45/60 MP: 6/6
  2761 | D:4      | Reached skill level 5 in Fighting
  2761 | D:4      | Reached skill level 6 in Long Blades
  2980 | D:5      | Entered Level 5 of the Dungeon
  3235 | D:5      | Found a staircase to the Ecumenical Temple.
  3239 | D:5      | Reached XP level 8. HP: 61/69 MP: 7/7
  3251 | Temple   | Entered the Ecumenical Temple
  3296 | Temple   | Became a worshipper of Warmaster Okawaru
  3422 | D:5      | Noticed Tali's ghost (novice MiFi)
  3434 | D:5      | Killed Tali's ghost
  3434 | D:5      | Reached skill level 7 in Long Blades
  3729 | D:6      | Reached * piety under Okawaru
  3729 | D:6      | Reached skill level 8 in Long Blades
  3779 | D:6      | Noticed Jannitor's ghost (novice SpAE)
  3798 | D:6      | Killed Jannitor's ghost
  3936 | D:6      | Reached XP level 9. HP: 58/78 MP: 8/8
  4148 | D:6      | Reached skill level 9 in Long Blades
  4377 | D:7      | Reached ** piety under Okawaru
  4445 | D:7      | Got an ichor-stained scale mail
  4456 | D:7      | Identified the +4 scale mail of the Fiend {rN+ Slay+3} (You found it on level 7 of the Dungeon)
  4564 | D:7      | Noticed aaaaaaaaaaaaaaaaaa's ghost (novice VSBe)
  4570 | D:7      | Killed aaaaaaaaaaaaaaaaaa's ghost
  4861 | D:7      | Found an ornate altar of the Wu Jian Council.
  5022 | D:8      | Reached skill level 10 in Long Blades
  5037 | D:8      | Noticed Maurice
  5050 | D:8      | Killed Maurice
  5050 | D:8      | Reached *** piety under Okawaru
  5050 | D:8      | Reached XP level 10. HP: 57/88 MP: 9/9
  5133 | D:8      | Reached **** piety under Okawaru
  5133 | D:8      | Reached skill level 11 in Long Blades
  5183 | D:8      | Received a gift from Okawaru
  5304 | D:8      | Found a staircase to the Lair.
  5356 | D:8      | Noticed Joseph
  5367 | D:8      | Killed Joseph
  5642 | D:8      | Got an ebony short sword
  5643 | D:8      | Identified the +10 short sword "Miskiloj" {speed, *Rage Str+8} (You found it on level 8 of the Dungeon)
  5901 | D:9      | Reached skill level 5 in Dodging
  5920 | D:9      | Noticed Erolcha
  5936 | D:9      | Killed Erolcha
  5936 | D:9      | Reached skill level 12 in Long Blades
  5936 | D:9      | Reached XP level 11. HP: 69/97 MP: 7/10
  5953 | D:9      | Found Noxezed's Magic Scroll Emporium.
  5957 | D:9      | Bought a scroll of enchant armour for 112 gold pieces
  5988 | D:9      | Reached ***** piety under Okawaru
  6163 | D:9      | Found Woopnais's Antique Weapon Boutique.
  6225 | D:9      | Reached skill level 10 in Shields
  6253 | D:9      | Paralysed by a hornet for 2 turns
  6697 | D:9      | Found Ekho Cil's Magic Scroll Emporium.
  6720 | D:9      | Found Bocha's Weapon Boutique.
  6790 | D:10     | Entered Level 10 of the Dungeon
  6791 | D:10     | Noticed Engwar's ghost (journeyman VSBe)
  6800 | D:10     | Killed Engwar's ghost
  6874 | D:10     | Noticed an orange crystal statue
  6934 | D:10     | Noticed a two-headed ogre
  6944 | D:10     | Killed a two-headed ogre
  6944 | D:10     | Received a gift from Okawaru
  6950 | D:10     | Got a steaming scimitar {god gift}
  6951 | D:10     | Identified the +6 scimitar of Wuifavvo {flame, -Tele rElec rN+ Str+2} (Okawaru gifted it to you on level 10 of the Dungeon)
  6998 | D:10     | Noticed a death knight
  6999 | D:10     | Noticed a skeletal warrior
  7005 | D:10     | Reached skill level 10 in Armour
  7011 | D:10     | Killed a skeletal warrior
  7011 | D:10     | Reached skill level 13 in Long Blades
  7365 | D:10     | Killed a death knight
  7612 | D:10     | Found Offeulail's Antique Armour Boutique.
  7821 | D:11     | Noticed a two-headed ogre
  7827 | D:11     | Killed a two-headed ogre
  7827 | D:11     | Received a gift from Okawaru
  7867 | D:11     | Noticed WobbleTop's ghost (journeyman NaVM)
  7887 | D:11     | Killed WobbleTop's ghost
  7887 | D:11     | Reached skill level 10 in Fighting
  8187 | D:11     | Noticed HypnoRock's ghost (journeyman MfFi)
  8209 | D:11     | Killed HypnoRock's ghost
  8209 | D:11     | Reached skill level 14 in Long Blades
  8209 | D:11     | Reached XP level 12. HP: 61/107 MP: 6/11
  8672 | D:11     | Found Ineutako's Food Boutique.
  9128 | D:11     | Noticed a four-headed hydra
  9134 | D:11     | Killed a one-headed hydra
  9235 | D:11     | Got a shimmering war axe
  9236 | D:11     | Identified the +7 war axe "Yzos" {pain, rPois Int+4} (You found it on level 11 of the Dungeon)
  9842 | Lair:1   | Entered Level 1 of the Lair of Beasts
  9925 | Lair:1   | Noticed an eight-headed hydra
  9932 | Lair:1   | Killed a four-headed hydra
 10363 | Lair:2   | Found a stormy altar of Qazlal.
 10380 | Lair:2   | Received a gift from Okawaru
 11111 | Lair:3   | Reached ****** piety under Okawaru
 11266 | Lair:3   | Noticed Harold
 11274 | Lair:3   | Killed Harold
 11274 | Lair:3   | Reached XP level 13. HP: 107/118 MP: 10/12
 11375 | Lair:3   | Reached skill level 1 in Stealth
 11757 | Lair:3   | Noticed Artool's ghost (journeyman DsSk)
 11759 | Lair:3   | Found a blossoming altar of Fedhas.
 11779 | Lair:3   | Killed Artool's ghost
 12242 | Lair:4   | Found a staircase to the Swamp.
 12327 | Lair:4   | Found a staircase to the Snake Pit.
 12423 | Lair:4   | Found a runed door.
 12454 | Lair:4   | Noticed Nessos
 12464 | Lair:4   | Reached skill level 15 in Long Blades
 12469 | Lair:4   | Killed Nessos
 12512 | Lair:4   | Noticed Kirke
 12865 | Lair:4   | Killed Kirke
 13343 | Lair:5   | Found a staircase to the Slime Pits.
 14037 | Lair:6   | Entered Level 6 of the Lair of Beasts
 14049 | Lair:6   | Reached skill level 1 in Invocations
 14303 | Lair:6   | Received a gift from Okawaru
 14741 | Lair:6   | Reached XP level 14. HP: 94/129 MP: 10/13
 15608 | Lair:6   | Found a large runed door.
 16024 | Lair:6   | Found a large runed door.
 17085 | D:12     | Received a gift from Okawaru
 17094 | D:12     | Reached skill level 16 in Long Blades
 17271 | D:12     | Found a staircase to the Orcish Mines.
 18207 | D:14     | Found a gate to the Vaults.
 18207 | D:14     | Noticed Rupert
 18237 | D:13     | Reached skill level 15 in Shields
 18267 | D:13     | Killed Rupert
 18267 | D:13     | Received a gift from Okawaru
 18511 | D:14     | Noticed Urug
 18512 | D:14     | Found a sacrificial altar of Ru.
 18523 | D:14     | Killed Urug
 18936 | D:14     | Received a gift from Okawaru
 19249 | D:14     | Reached XP level 15. HP: 139/139 MP: 14/14
 19413 | D:15     | Entered Level 15 of the Dungeon
 19809 | D:15     | Found a staircase to the Depths.
 20281 | D:12     | Got a dazzling chain mail
 20292 | D:12     | Identified the +5 chain mail of a wizard's laboratory {rPois rF- Slay+4} (You found it on level 12 of the Dungeon)
 20304 | Orc:1    | Entered Level 1 of the Orcish Mines
 20422 | Orc:2    | Entered Level 2 of the Orcish Mines
 20451 | Orc:2    | Found a staircase to the Elven Halls.
 20507 | Orc:2    | Reached skill level 15 in Fighting
 20716 | Orc:2    | Noticed Saint Roka
 20760 | Orc:2    | Killed Saint Roka
 21152 | Orc:2    | Found Zaumaj's Antique Armour Boutique.
 21157 | Orc:2    | Found a roughly hewn altar of Beogh.
 21162 | Orc:2    | Found Ymoisyme's Antique Weapon Shop.
 21373 | Orc:2    | Noticed an orc warlord
 21425 | Orc:2    | Killed an orc warlord
 21832 | Orc:2    | Noticed patthesweetcat's ghost (journeyman MiBe)
 21851 | Orc:2    | Killed patthesweetcat's ghost
 22116 | Orc:2    | Found a roughly hewn altar of Beogh.
 22190 | Orc:2    | Found a roughly hewn altar of Beogh.
 22217 | Orc:2    | Found Pozuaw's Weapon Shop.
 22244 | Orc:2    | Bought the +9 sword of Zonguldrok {reap} for 1040 gold pieces
 22244 | Orc:2    | Found the +9 sword of Zonguldrok {reap}
 22328 | Orc:2    | Found a roughly hewn altar of Beogh.
 22333 | Orc:2    | Found Eharer's Gadget Emporium.
 22333 | Orc:2    | Paralysed by an orc sorcerer for 6 turns
 22342 | Orc:2    | Reached skill level 10 in Dodging
 22454 | Orc:2    | Found a roughly hewn altar of Beogh.
 22862 | Orc:1    | Noticed an orc warlord
 22865 | Orc:1    | Received a gift from Okawaru
 22878 | Orc:1    | Reached skill level 17 in Long Blades
 22900 | Orc:1    | Killed an orc warlord
 23757 | Swamp:1  | Entered Level 1 of the Swamp
 24700 | Swamp:2  | Received a gift from Okawaru
 24762 | Swamp:2  | Reached XP level 16. HP: 130/150 MP: 15/15
 25606 | Swamp:3  | Noticed a thorn hunter
 25608 | Swamp:3  | Killed a thorn hunter
 26383 | Swamp:4  | Entered Level 4 of the Swamp
 26409 | Swamp:4  | Found a frozen archway.
 26439 | IceCv    | Entered an ice cave
 26758 | IceCv    | Received a gift from Okawaru
 26782 | IceCv    | Got a slimy demon blade {god gift}
 27170 | IceCv    | Got a slimy helmet
 27210 | IceCv    | Identified the +8 demon blade of Resourcefulness {elec, +Inv rPois SInv} (Okawaru gifted it to you in an ice cave)
 28171 | Swamp:4  | Reached skill level 18 in Long Blades
 28173 | Swamp:4  | Noticed the 27-headed Lernaean hydra
 28173 | Swamp:4  | Noticed a thorn hunter
 28186 | Swamp:4  | HP: 10/228 [the 27-headed Lernaean hydra (3)]
 28186 | Swamp:4  | HP: 1/228 [the 27-headed Lernaean hydra (9)]
 28186 | Swamp:4  | Slain by the 27-headed Lernaean hydra

Skill      XL: |  1  2  3  4  5  6  7  8  9 10 11 12 13 14 15 16 |
---------------+-------------------------------------------------+-----
Armour         | 4 5 6 7 9 10 11 12 13 14 | 14.6
Shields        | 4 5 6 8 9 11 12 13 15 16 17 | 17.8
Fighting       | 4 5 6 7 9 10 12 13 14 15 16 | 16.5
Long Blades    | 3 4 5 6 8 10 12 14 15 16 17 18 | 18.0
Dodging        | 1 2 3 4 5 6 7 8 9 10 | 10.5
Stealth        | 1 2 |  2.3
Invocations    | 1 |  1.2

Action                   |  1- 3 |  4- 6 |  7- 9 | 10-12 | 13-15 | 16-18 || total
-------------------------+-------+-------+-------+-------+-------+-------++-------
Melee: Long sword        |    95 |   108 |   216 |       |       |       ||   419
       Headbutt          |    17 |    26 |    62 |   122 |   338 |   109 ||   674
       Scimitar          |       |       |    26 |   451 |  1018 |   235 ||  1730
       Double sword      |       |       |       |       |    67 |       ||    67
       Demon blade       |       |       |       |       |       |   104 ||   104
Invok: Heroism           |       |       |     1 |     2 |     5 |     1 ||     9
Evoke: Wand              |       |       |       |       |     1 |       ||     1
  Use: Scroll            |       |       |    12 |     6 |    11 |     1 ||    30
       Potion            |       |       |       |     1 |     2 |     3 ||     6
 Stab: Distracted        |       |       |       |       |     1 |       ||     1
       Confused          |       |       |       |       |       |     1 ||     1
  Eat: Chunk             |     1 |     4 |     8 |    16 |    34 |    19 ||    82
       Ration            |       |       |       |     2 |     3 |       ||     5
Armor: Scale mail        |    39 |    44 |    24 |   129 |   217 |       ||   453
       Chain mail        |       |       |    73 |       |   142 |   242 ||   457
       Crystal plate arm |       |       |       |       |    61 |       ||    61
Dodge: Dodged            |    33 |    49 |    66 |   168 |   466 |   187 ||   969
Block: Shield            |    44 |    73 |   130 |   292 |   744 |   276 ||  1559
       Reflection        |       |       |       |       |       |     4 ||     4
       Rpst.: Long sword |     6 |    12 |    18 |       |       |       ||    36
       Scimitar          |       |       |       |    44 |    94 |    18 ||   156
       Double sword      |       |       |       |       |     3 |       ||     3
       Demon blade       |       |       |       |       |       |    10 ||    10
